 Dungeon Crawl Stone Soup version 0.24-a0-784-g601f8f6d22 (webtiles) character file.

Game seed: 18207018001771652059, levelgen mode: deterministic

28471 Conn the Arsonist (level 13, -8/79 HPs)
             Began as an Octopode Fire Elementalist on Oct 9, 2019.
             Was a High Priest of Sif Muna.
             Mangled by Snorg (19 damage)
             ... on level 4 of the Lair of Beasts.
             The game lasted 00:59:18 (18705 turns).

Conn the Arsonist (Octopode Fire Elementalist)     Turns: 18705, Time: 00:59:19

Health: -8/79      AC:  4    Str:  9    XL:     13   Next: 39%
Magic:  0/27       EV: 19    Int: 21    God:    Sif Muna [*****.]
Gold:   588        SH:  0    Dex: 12    Spells: 5/32 levels left

rFire    . . .     SeeInvis .   P - +2 dagger (venom)
rCold    + . .     Gourm    .   (no shield)
rNeg     . . .     Faith    .   (helmet restricted)
rPois    +         Spirit   .   (no amulet)
rElec    .         Reflect  .   C - +3 ring of evasion
rCorr    +         Harm     .   n - ring of stealth
MR       +....                  y - ring of protection from cold
Stlth    ++++++....             z - ring of resist corrosion
HPRegen  0.63/turn              I - ring of flight
MPRegen  0.20/turn              U - ring of poison resistance
                                (no ring)
                                (no ring)

@: no status effects
A: almost no armour, stealthy swim, amphibious, 8 rings, constrict 8, molten
scales 1, camouflage 1, magic resistance 1, regeneration 1, shaggy fur 1,
gelatinous body 1
a: Channel Magic, Forget Spell, Divine Exegesis, Renounce Religion, Evoke Flight


You were on level 4 of the Lair of Beasts.
You worshipped Sif Muna.
Sif Muna was extremely pleased with you.
You were not hungry.

You visited 3 branches of the dungeon, and saw 15 of its levels.

You collected 788 gold pieces.
You spent 200 gold pieces at shops.

Inventory:

Hand Weapons
 a - the +3 trident of Temperance {venom, rF++ MR+}
   (You found it on level 2 of the Lair of Beasts)

   It poisons the flesh of those it strikes.
   It greatly protects you from fire.
   It affects your resistance to hostile enchantments.
 l - a +0 short sword
 s - a +0 quarterstaff of speed
 t - a +1 dagger of venom
 J - the +3 scythe of Ygiasiten {venom, rPois rF- rC+ SInv Stlth+}
   (You found it on level 9 of the Dungeon)

   It poisons the flesh of those it strikes.
   It makes you vulnerable to fire.
   It protects you from cold.
   It protects you from poison.
   It lets you see invisible.
   It makes you more stealthy.
 L - a +2 short sword of distortion
 P - a +2 dagger of venom (weapon)
Missiles
 f - 21 boomerangs
 k - 47 poisoned darts
 w - 16 curare-tipped darts (quivered)
Armour
 j - a +1 large shield
Magical Staves
 b - an uncursed staff of power
Jewellery
 n - a ring of stealth (right tentacle)
 y - a ring of protection from cold (on tentacle)
 z - a ring of resist corrosion (on tentacle)
 C - a +3 ring of evasion (left tentacle)
 I - a ring of flight (on tentacle)
 U - a ring of poison resistance (on tentacle)
Wands
 g - a wand of acid (23)
 q - a wand of paralysis (19)
 x - a wand of iceblast (6)
 D - a wand of polymorph (30)
 F - a wand of flame (10)
 K - a wand of random effects (17)
 N - a wand of clouds (2)
Scrolls
 c - a scroll of holy word
 d - 7 scrolls of teleportation
 h - 18 scrolls of identify
 o - 2 scrolls of amnesia
 p - 4 scrolls of enchant armour
 r - 3 scrolls of fog
 u - 7 scrolls of remove curse
 G - 2 scrolls of fear
 M - a scroll of immolation
 O - a scroll of blinking
 T - a scroll of summoning
 W - a scroll of enchant weapon
Potions
 e - 2 potions of magic
 i - 2 potions of invisibility
 m - 2 potions of heal wounds
 v - 2 potions of brilliance {unknown}
 A - 7 potions of curing
 B - a potion of haste {unknown}
 E - a potion of lignification {unknown}
 R - 2 potions of experience {unknown}
 S - a potion of flight
Comestibles
 H - 26 rations
 V - 2 chunks of flesh


   Skills:
 + Level 4.0 Fighting
 + Level 5.6 Short Blades
 + Level 0.9(1.1) Polearms
 + Level 0.6(1.0) Staves
 + Level 0.3 Throwing
 + Level 6.8 Dodging
 - Level 10.0 Stealth
 + Level 1.2 Shields
 + Level 10.0 Spellcasting
 + Level 9.4 Conjurations
 + Level 0.1 Hexes
 * Level 5.0 Summonings
 + Level 10.1 Fire Magic
 + Level 0.1 Air Magic
 * Level 7.6 Invocations
 + Level 0.1 Evocations


You had 5 spell levels left.
You knew the following spells:

 Your Spells              Type           Power        Failure   Level  Hunger
a - Flame Tongue          Conj/Fire      #####        1%          1    None
b - Conjure Flame         Conj/Fire      ######..     1%          3    None
c - Inner Flame           Hex/Fire       ####....     2%          3    None
d - Sticky Flame          Conj/Fire      ######..     1%          4    ##.....
e - Fireball              Conj/Fire      ######....   3%          5    ####...
f - Summon Demon          Summ           ####......   22%         5    ####...
g - Recall                Summ/Tloc      N/A          7%          3    None
h - Mephitic Cloud        Conj/Pois/Air  ###.....     5%          3    None

Your spell library contained the following spells:

 Spells                   Type           Power        Failure   Level  Hunger
 Sting                    Conj/Pois      ####         1%          1    None
 Throw Flame              Conj/Fire      ######       1%          2    None
 Infusion                 Chrm           ##..         6%          1    None
 Poisonous Vapours        Pois/Air       ##....       10%         2    None
 Shroud of Golubria       Chrm/Tloc      ##....       10%         2    None
 Song of Slaying          Chrm           ##......     10%         2    None
 Regeneration             Chrm/Necr      ##........   19%         3    None
 Spectral Weapon          Hex/Chrm       ##......     19%         3    None
 Aura of Abjuration       Summ           ####......   22%         5    ####...
 Irradiate                Conj/Tmut      ####......   26%         5    ####...
 Venom Bolt               Conj/Pois      ####......   26%         5    ####...
 Summon Mana Viper        Hex/Summ       ###.....     52%         5    ####...
 Olgreb's Toxic Radiance  Pois           ##......     54%         4    ##.....
 Summon Forest            Summ/Tloc      ###.......   54%         5    ####...
 Shadow Creatures         Summ           N/A          77%         6    ######.
 Freezing Cloud           Conj/Ice/Air   ###.......   95%         6    ######.
 Hydra Form               Tmut           ##........   100%        6    ######.
 Statue Form              Tmut/Erth      ##.......    100%        6    ######.
 Dragon Form              Tmut           ##........   100%        7    #######
 Ring of Flames           Chrm/Fire      ####......   100%        7    #######


Dungeon Overview and Level Annotations

Branches:
Dungeon (10/15)            Temple (1/1) D:4            Lair (4/6) D:10
  Swamp (0/4) Lair:4        Snake (0/4) Lair:3          Orc (0/2) D:9

Altars:
Cheibriados
Dithmenos
Fedhas
Gozag
Hepliaklqana
Kikubaaqudgha
Makhleb
Nemelex Xobeh
Okawaru
Qazlal
Ru
Sif Muna
Trog
Uskayaw
Vehumet
Wu Jian
Xom
Yredelemnul
Zin
The Shining One

Shops:
D:4 }   D:5 (   D:6 =   D:8 *}

Annotations:
Lair:4 Snorg


Innate Abilities, Weirdness & Mutations

You cannot wear most types of armour.
You are very stealthy in the water. (Stealth+)
You are amphibious.
You can wear up to eight rings at the same time.
You can use your tentacles to constrict eight enemies at once.
Your skin changes colour to match your surroundings (Stealth+).
Your rubbery body absorbs attacks. (AC +1, EV +1)
You are partially covered in molten scales. (AC +2)
You are resistant to hostile enchantments. (MR+)
Your natural rate of healing is unusually fast.
You are covered in fur. (AC +1)


Message History

Snorg is engulfed in blazing flames.
Snorg bites you but does no damage. Snorg barely misses you. Snorg claws you!
Casting: Flame Tongue (safe; 1% risk of failure)
Confirm with . or Enter, or press ? or * to list all spells.
Aiming: Flame Tongue (safe; 1% risk of failure)
Press: ? - help, Shift-Dir - straight line, f/p - Snorg
Aim: Snorg (flame, heavily wounded, berserk, fast, unusually strong, poisoned)
The flame tongue hits Snorg.
Snorg is heavily wounded.
Snorg is engulfed in blazing flames.
Snorg closely misses you. Snorg completely misses you. Snorg claws you!!
Throwing (i - inventory. (/) - cycle)
w - 17 curare-tipped darts (quivered)
Press: ? - help, Shift-Dir - straight line, f/p - Snorg
Aim: Snorg (flame, severely wounded, berserk, fast, unusually strong, poisoned)
You throw a curare-tipped dart.
The curare-tipped dart barely misses Snorg.
Snorg is engulfed in blazing flames.
Snorg misses you. Snorg claws you!
* * * LOW HITPOINT WARNING * * *
Snorg claws you!!
You die...

#....§§§§§≈. ##..
#.....♣§♣§♣.. ..
##..#..§§≈§... #P..# ...
#...P..n§§§..# #.... #..
#P...%..# §..## ...## #..
##..#..# #..P# ##...# ##..
#.>....# #..P# #P...# ...
##.....####..# #.P.# ##.<
#..#..†.T@..#####..####÷..
#..P...P##...#........#...
#......................)..
#.........................
######.#.####.##(###.#####
##### ###### ###


You could see Snorg (berserk).

Vanquished Creatures
  A frost giant (D:9)
  Nessos (Lair:4)
  3 hydras
  2 centaur warriors (D:9)
  4 two-headed ogres
  5 death yaks
  Sonja (D:10)
  A skeletal warrior (D:9)
  An ugly thing (D:9)
  2 black mambas
  4 spiny frogs
  A torpor snail (Lair:3)
  A rime drake (Lair:3)
  3 komodo dragons (Lair:2)
  A freezing wraith (D:9)
  A troll (D:10)
  2 polar bears
  4 blink frogs (Lair:2)
  2 bog bodies (Lair:4)
  4 hippogriffs
  14 yaks
  2 basilisks
  A hungry ghost (D:9)
  2 steam dragons
  A vampire mosquito (D:9)
  3 nagas (Lair:3)
  4 porcupines
  6 water moccasins
  2 sky beasts
  2 black bears (D:8)
  5 ice beasts
  A phantom (D:8)
  5 ogres
  A centaur (D:5)
  2 eyes of draining
  7 crocodiles
  5 wolves (Lair:2)
  2 big kobolds
  11 bullfrogs
  A wyvern zombie (D:8)
  5 scorpions
  8 killer bees
  3 wights (D:8)
  2 jellies
  7 crimson imps
  A bullfrog zombie (D:8)
  2 centaur zombies (D:8)
  A quasit (D:7)
  3 orc priests
  3 hounds
  7 orc wizards
  2 bullfrog skeletons
  3 iguanas
  9 worker ants
  2 hell rats (Lair:1)
  A hound skeleton (D:8)
  A worker ant zombie (D:5)
  A howler monkey zombie (D:5)
  14 gnolls
  A howler monkey skeleton (D:4)
  9 river rats (Lair:1)
  15 adders
  2 shadow imps
  An ooze (D:1)
  3 adder skeletons
  4 worms
  A dart slug (D:1)
  5 leopard geckos
  26 orcs
  3 ball pythons
  4 bats
  12 giant cockroaches
  13 goblins
  9 hobgoblins
  13 jackals
  13 kobolds
  4 quokkas
  6 frilled lizards
  A leopard gecko zombie (D:5)
  2 quokka zombies (D:5)
  11 rats
  A plant (D:9)
355 creatures vanquished.

Vanquished Creatures (collateral kills)
  A komodo dragon (Lair:2)
1 creature vanquished.

Vanquished Creatures (others)
  A human (D:4)
  5 fungi
  2 plants
8 creatures vanquished.

Grand Total: 364 creatures vanquished

Notes
Turn   | Place    | Note
-------+----------+-------------------------------------------
     0 | D:1      | Conn the Octopode Fire Elementalist began the quest for the
                  | Orb.
     0 | D:1      | Reached XP level 1. HP: 11/11 MP: 3/3
   249 | D:1      | Reached XP level 2. HP: 17/17 MP: 3/5
   420 | D:1      | Reached XP level 3. HP: 21/21 MP: 6/6
  1168 | D:2      | Found a blossoming altar of Fedhas.
  1168 | D:2      | Found a shadowy altar of Dithmenos.
  1173 | D:2      | Found a shimmering altar of Xom.
  1175 | D:2      | Found a glowing silver altar of Zin.
  1177 | D:2      | Found a sacrificial altar of Ru.
  1216 | D:2      | Reached XP level 4. HP: 16/27 MP: 4/7
  1492 | D:2      | Reached skill level 1 in Short Blades
  1901 | D:2      | Learned a level 3 spell: Conjure Flame
  1905 | D:2      | Learned a level 3 spell: Inner Flame
  2096 | D:3      | Reached XP level 5. HP: 14/32 MP: 5/8
  2434 | D:3      | Found a glowing golden altar of the Shining One.
  2445 | D:3      | You fall into a shaft and drop 3 floors!
  2451 | D:6      | Found Umessurch's Jewellery Shop.
  2458 | D:5      | Entered Level 5 of the Dungeon
  2458 | D:5      | Noticed an ogre
  2464 | D:5      | Noticed a centaur
  2468 | D:4      | Found an ancient bone altar of Kikubaaqudgha.
  2519 | D:4      | Noticed a human
  2520 | D:4      | Killed a human
  2582 | D:4      | Found Opofo's Gadget Boutique.
  2595 | D:4      | Bought a wand of paralysis (4) for 72 gold pieces
  2762 | D:3      | Reached skill level 1 in Fighting
  3244 | D:3      | HP: 1/33 [poisoned by an adder]
  3952 | D:4      | Noticed an ogre
  3985 | D:4      | Killed an ogre
  3985 | D:4      | Reached XP level 6. HP: 39/39 MP: 0/10
  4119 | D:4      | Found a staircase to the Ecumenical Temple.
  4133 | Temple   | Entered the Ecumenical Temple
  4141 | Temple   | Became a worshipper of Sif Muna the Loreminder
  4897 | D:3      | Found a hide-covered altar of Uskayaw.
  4942 | D:4      | Reached XP level 7. HP: 22/44 MP: 10/12
  5099 | D:4      | Learned a level 4 spell: Sticky Flame
  5291 | D:5      | Found a sparkling altar of Nemelex Xobeh.
  6291 | D:5      | Found a burning altar of Makhleb.
  6589 | D:5      | Reached XP level 8. HP: 37/50 MP: 14/14
  6724 | D:5      | Reached skill level 5 in Fire Magic
  6919 | D:5      | Reached * piety under Sif Muna
  7312 | D:5      | Found Oweorel's Weapon Boutique.
  7741 | D:6      | Reached skill level 5 in Stealth
  7788 | D:6      | Reached skill level 5 in Spellcasting
  8113 | D:6      | Found a snail-covered altar of Cheibriados.
  8418 | D:7      | Reached XP level 9. HP: 42/55 MP: 12/16
  8659 | D:7      | Learned a level 5 spell: Fireball
  8661 | D:7      | Gained mutation: You are frail. (-10% HP) [potion of
                  | mutation]
  8661 | D:7      | Gained mutation: Scrolls take you a little longer to read.
                  | [potion of mutation]
  8661 | D:7      | Gained mutation: You are partially covered in iridescent
                  | scales. (AC +2) [potion of mutation]
  8661 | D:7      | Gained mutation: You are partially covered in large bone
                  | plates. (SH +4) [potion of mutation]
  8696 | D:7      | Reached ** piety under Sif Muna
  8797 | D:7      | Found a hazy altar of Hepliaklqana.
  9026 | D:7      | Reached skill level 5 in Conjurations
  9491 | D:8      | Reached skill level 5 in Short Blades
  9516 | D:8      | Reached skill level 1 in Shields
  9579 | D:8      | Found an opulent altar of Gozag.
  9975 | D:8      | Found a radiant altar of Vehumet.
  9981 | D:8      | Reached *** piety under Sif Muna
 10026 | D:8      | Reached XP level 10. HP: 17/56 MP: 0/18
 10377 | D:8      | Found Wevops's Gadget Emporium.
 10622 | D:8      | Found Ackuss's General Store.
 10628 | D:8      | Bought a potion of mutation for 128 gold pieces
 10628 | D:8      | Lost mutation: You are frail. (-10% HP) [potion of
                  | mutation]
 10628 | D:8      | Lost mutation: Scrolls take you a little longer to read.
                  | [potion of mutation]
 10628 | D:8      | Lost mutation: You are partially covered in large bone
                  | plates. (SH +4) [potion of mutation]
 10628 | D:8      | Lost mutation: You are partially covered in iridescent
                  | scales. (AC +2) [potion of mutation]
 10628 | D:8      | Gained mutation: You are covered in fur. (AC +1) [potion of
                  | mutation]
 10628 | D:8      | Gained mutation: You are resistant to hostile enchantments.
                  | (MR+) [potion of mutation]
 10628 | D:8      | Gained mutation: You are partially covered in molten
                  | scales. (AC +2) [potion of mutation]
 10628 | D:8      | Gained mutation: Your natural rate of healing is unusually
                  | fast. [potion of mutation]
 10633 | D:8      | Noticed a two-headed ogre
 10640 | D:8      | Killed a two-headed ogre
 11053 | D:9      | Reached skill level 5 in Dodging
 11066 | D:9      | Found a staircase to the Orcish Mines.
 11545 | D:9      | Noticed a skeletal warrior
 11556 | D:9      | Killed a skeletal warrior
 11563 | D:9      | Reached skill level 1 in Invocations
 11761 | D:9      | Reached XP level 11. HP: 67/67 MP: 22/22
 11762 | D:9      | Noticed a white ugly thing
 11762 | D:9      | Noticed a two-headed ogre
 11777 | D:9      | Killed a white ugly thing
 11786 | D:9      | Killed a two-headed ogre
 11916 | D:9      | Noticed a frost giant
 11929 | D:9      | Killed a frost giant
 11931 | D:9      | Noticed a fire giant
 11931 | D:9      | Noticed a four-headed hydra
 12437 | D:9      | Killed a four-headed hydra
 12547 | D:9      | Noticed a centaur warrior
 12547 | D:9      | Noticed a centaur warrior
 12554 | D:9      | Killed a centaur warrior
 12561 | D:9      | Killed a centaur warrior
 12670 | D:9      | Got a translucent scythe
 12671 | D:9      | Identified the +3 scythe of Ygiasiten {venom, rPois rF- rC+
                  | SInv Stlth+} (You found it on level 9 of the Dungeon)
 12794 | D:10     | Entered Level 10 of the Dungeon
 12820 | D:10     | Found an opulent altar of Gozag.
 12875 | D:10     | Noticed Sonja
 12884 | D:10     | Learned a level 5 spell: Summon Demon
 12888 | D:10     | Learned a level 3 spell: Recall
 12893 | D:10     | Killed Sonja
 12893 | D:10     | Reached skill level 10 in Stealth
 12939 | D:10     | Noticed a two-headed ogre
 12946 | D:10     | Killed a two-headed ogre
 12946 | D:10     | Reached skill level 1 in Summonings
 13014 | D:10     | Reached **** piety under Sif Muna
 13164 | D:10     | Found a staircase to the Lair.
 13202 | D:10     | Reached skill level 5 in Invocations
 13421 | D:10     | Noticed a two-headed ogre
 13437 | D:10     | Killed a two-headed ogre
 13437 | D:10     | Reached XP level 12. HP: 46/73 MP: 24/24
 13698 | Lair:1   | Entered Level 1 of the Lair of Beasts
 14242 | Lair:1   | Noticed a five-headed hydra
 14262 | Lair:1   | Killed a five-headed hydra
 15274 | Lair:2   | Got a bloodstained trident
 15275 | Lair:2   | Identified the +3 trident of Temperance {venom, rF++ MR+}
                  | (You found it on level 2 of the Lair of Beasts)
 16107 | Lair:2   | Noticed a five-headed hydra
 16121 | Lair:2   | Killed a five-headed hydra
 16509 | Lair:3   | Found a staircase to the Snake Pit.
 16709 | Lair:3   | Noticed a death yak
 16844 | Lair:2   | Learned a level 3 spell: Mephitic Cloud
 16847 | Lair:3   | Noticed a death yak
 17268 | Lair:3   | Killed a death yak
 17268 | Lair:3   | Reached XP level 13. HP: 44/79 MP: 15/26
 18001 | Lair:4   | Reached skill level 10 in Fire Magic
 18500 | Lair:4   | Noticed Nessos
 18526 | Lair:4   | Killed Nessos
 18526 | Lair:4   | Reached ***** piety under Sif Muna
 18526 | Lair:4   | Reached skill level 10 in Spellcasting
 18526 | Lair:4   | Reached skill level 5 in Summonings
 18664 | Lair:4   | Found a staircase to the Swamp.
 18675 | Lair:4   | Received a gift from Sif Muna
 18683 | Lair:4   | Noticed Snorg
 18705 | Lair:4   | Mangled by Snorg

Levels and vault maps discovered:
D:1:      saegor_arrival_miasma, layout_loops_ring
D:2:      minmay_wonky_spiral, layout_loops_cross,
          chequers_temple_overflow_minitemple
D:3:      layout_rooms, nicolae_tso_carved_into_rock,
          nicolae_overflow_hidden_temple, first_ration
D:4:      layout_basic, minmay_temple_entry_overgrown, serial_shops,
          nicolae_shop_trees, tgw_kikubaaqudgha
D:5:      layout_basic, lemuel_round_altar, serial_shops, kennysheep_mini_moat,
          minmay_ruined_shrine
D:6:      layout_basic, cheibrodos_worm_habitat, serial_shops, shop
D:7:      layout_basic, old_standard_altar
D:8:      layout_basic, grunt_gozag_statues, nicolae_overflow_crystal_walls,
          serial_shops, shop, shop
D:9:      minmay_sliced_demisemicircle, layout_basic, blue_anna_alchemist
          [blue_anna_fruit_fields, blue_anna_fruit_fields]
D:10:     layout_irregular_city, lair_entry_dummy, basic_altar,
          kennysheep_potato, uniq_sonja
Temple:   eino_temple_lava
Lair:1:   layout_regular_city, kennysheep_rathole, grunt_megastairs_3
Lair:2:   layout_loops_ring, beast_lair_carwin_5
Lair:3:   layout_loops_ring, minmay_snake_entry_guardpost_small,
          infiniplex_staircase_pool
Lair:4:   layout_long_grid, skrybe_swamp_entry_bodies, special_room
          [special_room_mythical_zoo], uniq_snorg, uniq_nessos

Skill      XL: |  1  2  3  4  5  6  7  8  9 10 11 12 13 |
---------------+----------------------------------------+-----
Stealth        | 3 4 6 7 9 10 | 10.0
Short Blades   | 1 2 3 4 5 |  5.6
Fire Magic     | 4 5 6 7 9 10 | 10.1
Fighting       | 1 2 3 4 |  4.0
Spellcasting   | 3 4 5 7 8 9 10 | 10.0
Conjurations   | 2 3 4 5 6 7 8 9 |  9.4
Dodging        | 3 4 5 6 |  6.8
Shields        | 1 |  1.2
Invocations    | 1 5 6 7 |  7.6
Summonings     | 1 4 5 |  5.0
Polearms       | |  0.9
Staves         | |  0.6
Throwing       | |  0.3
Hexes          | |  0.1
Air Magic      | |  0.1
Evocations     | |  0.1

Action                   |  1- 3 |  4- 6 |  7- 9 | 10-12 | 13-15 || total
-------------------------+-------+-------+-------+-------+-------++-------
Melee: Dagger            |    56 |    55 |   133 |    63 |    50 ||   357
       Constrict         |    13 |    19 |    40 |    16 |     2 ||    90
       Tentacles         |     9 |    18 |    25 |    22 |    11 ||    85
       Short sword       |       |    27 |    45 |       |       ||    72
       Staff             |       |       |       |    34 |       ||    34
       Trident           |       |       |       |     7 |       ||     7
Throw: Dart              |       |       |     4 |       |     1 ||     5
 Cast: Flame Tongue      |    21 |    81 |   178 |   256 |    36 ||   572
       Conjure Flame     |       |     1 |     5 |    11 |     1 ||    18
       Sticky Flame      |       |       |    11 |    54 |    14 ||    79
       Inner Flame       |       |       |     1 |     2 |       ||     3
       Fireball          |       |       |     1 |    25 |     9 ||    35
       Mephitic Cloud    |       |       |       |     1 |     4 ||     5
       Summon Demon      |       |       |       |     1 |       ||     1
Invok: Channel Magic     |       |       |       |     2 |       ||     2
Evoke: Wand              |       |     1 |     1 |       |       ||     2
  Use: Scroll            |       |     5 |       |    10 |     2 ||    17
       Potion            |       |       |    10 |     3 |       ||    13
 Stab: Sleeping          |     9 |    11 |     7 |    25 |     2 ||    54
       Paralysed         |       |     1 |       |       |       ||     1
       Invisible         |       |       |     3 |       |       ||     3
       Distracted        |       |       |       |       |     1 ||     1
       Confused          |       |       |       |       |     1 ||     1
  Eat: Chunk             |     1 |     8 |    12 |    29 |     4 ||    54
       Ration            |       |     1 |     2 |     2 |     1 ||     6
Armor: Skin              |     4 |     4 |    16 |    24 |     3 ||    51
Dodge: Dodged            |    39 |    87 |   225 |   229 |    71 ||   651
Block: Other             |       |       |    15 |     4 |       ||    19

Table legend:
 A = Non-vault XP
 B = Vault XP
 C = Vault XP percentage of total XP
 D = Non-vault monster count
 E = Vault monster count
 F = Vault count percentage of total count
                 A         B        C        D         E       F
            +---------+---------+-------+---------+---------+-------
      Total |   28407 |   12267 |  30.2 |     306 |      49 |  13.8
            +---------+---------+-------+---------+---------+-------
        D:1 |      54 |       0 |   0.0 |      29 |       0 |   0.0
        D:2 |      87 |       6 |   6.5 |      26 |       4 |  13.3
        D:3 |     101 |       0 |   0.0 |      26 |       0 |   0.0
        D:4 |     371 |       0 |   0.0 |      15 |       0 |   0.0
        D:5 |     807 |     194 |  19.4 |      27 |       6 |  18.2
        D:6 |     530 |       5 |   0.9 |      17 |       1 |   5.6
        D:7 |    1689 |       0 |   0.0 |      33 |       0 |   0.0
        D:8 |    3260 |       0 |   0.0 |      34 |       0 |   0.0
        D:9 |    1215 |    7400 |  85.9 |      21 |      11 |  34.4
       D:10 |    2643 |     870 |  24.8 |      17 |       3 |  15.0
     Lair:1 |    2326 |     300 |  11.4 |       7 |      12 |  63.2
     Lair:2 |    5476 |    1271 |  18.8 |      24 |       6 |  20.0
     Lair:3 |    5187 |     502 |   8.8 |      13 |       3 |  18.8
     Lair:4 |    4661 |    1719 |  26.9 |      17 |       3 |  15.0
            +---------+---------+-------+---------+---------+-------
